 Dungeon Sprint DCSS version 0.29-a0-925-g0a7a3d12f8 (webtiles) character file.

Game seed: 14419806396376062046

240 Hipnos the Slasher (level 6, -8/56 HPs)
             Began as a Gnoll Chaos Knight on July 29, 2022.
             Was a Plaything of Xom.
             Mangled by a wyvern (13 damage)
             ... in the Dungeon (Sprint II: "The Violet Keep of Menkaure").
             The game lasted 00:00:39 (155 turns).

Hipnos the Slasher (Gnoll Chaos Knight)              Turns: 155, Time: 00:00:40

Health: -8/56      AC:  5    Str: 11    XL:     6   Next: 8%
Magic:  12/12      EV: 13    Int: 14    God:    Xom [..*...]
Gold:   486        SH:  0    Dex: 11    Spells: 13/13 levels left

rFire   . . .      SeeInvis .   a - +0 falchion (chaos)
rCold   . . .      Faith    .   (no shield)
rNeg    . . .      Spirit   .   b - +2 leather armour
rPois   .          Reflect  .   (no helmet)
rElec   .          Harm     .   (no cloak)
rCorr   .          Rampage  .   (no gloves)
Will    .....      NoTele   +   (no boots)
Stlth   ++........              (no amulet)
HPRegen 0.18/turn               (no ring)
MPRegen 0.13/turn               (no ring)

@: no status effects
A: fangs 1, strong nose, distributed training
a: Renounce Religion


You were in the Dungeon.
You worshipped Xom.
You were a toy of Xom.
You visited 1 branch You collected 486 gold pieces.

Inventory:

Hand Weapons
 a - a +0 falchion of chaos (weapon)
Armour
 b - a +2 leather armour (worn)
Scrolls
 i - a scroll of blinking
Potions
 d - a potion of curing
 f - a potion of haste
 g - 2 potions of magic
Miscellaneous
 c - a piece from Xom's chessboard (15/15) (quivered)


   Skills:
 + Level 7.9 Fighting
 + Level 4.3 Short Blades
 + Level 7.9 Long Blades
 + Level 4.3 Axes
 + Level 4.3 Maces & Flails
 + Level 4.3 Polearms
 + Level 4.3 Staves
 + Level 4.3 Ranged Weapons
 + Level 4.3 Throwing
 + Level 6.3 Armour
 + Level 5.1 Dodging
 + Level 4.3 Stealth
 + Level 4.3 Shields
 + Level 4.3 Unarmed Combat
 + Level 4.3 Spellcasting
 + Level 3.5 Conjurations
 + Level 3.5 Hexes
 + Level 3.5 Summonings
 + Level 3.5 Necromancy
 + Level 3.5 Translocations
 + Level 3.5 Transmutations
 + Level 3.5 Fire Magic
 + Level 3.5 Ice Magic
 + Level 3.5 Air Magic
 + Level 3.5 Earth Magic
 + Level 3.5 Poison Magic
 + Level 4.7 Invocations
 + Level 4.3 Evocations


You had 13 spell levels left.
You didn't know any spells.
Your spell library was empty.

Dungeon Overview and Level Annotations

Branches:
Dungeon (1/1)

Altars:


Innate Abilities, Weirdness & Mutations

You have very sharp teeth.
Your uncanny sense of smell can sniff out nearby items.
Your experience applies equally to all skills.


Message History

The worm is almost dead.
You kill the worm!
You now have 486 gold pieces (gained 243).
You see here a worm corpse.
There is an open door here.
There is a staircase leading out of the dungeon here.
You start resting.
HP restored.
As you open the door, it creaks loudly! 2 wyverns come into view.
The wyvern hisses angrily. x2
Found 243 gold pieces.
Okay, then.
You hit the wyvern.
The wyvern seems to grow stronger.
You bite the wyvern, but do no damage.
The wyvern is lightly wounded.
The wyvern barely misses you.
You hit the wyvern but do no damage.
The wyvern is lightly wounded.
The wyvern misses you. The wyvern barely misses you.
You hit the wyvern.
The wyvern is moderately wounded.
The wyvern closely misses you.
You hit the wyvern. You burn the wyvern.
The wyvern is heavily wounded.
The wyvern closely misses you.
You hit the wyvern. Your bite misses the wyvern.
The wyvern is heavily wounded.
The wyvern barely misses you. The wyvern bites you!!
You closely miss the wyvern. Your bite misses the wyvern.
The wyvern is heavily wounded.
The wyvern bites you!!
* * * LOW HITPOINT WARNING * * *
You feel much better. The wyvern bites you!!
* * * LOW HITPOINT WARNING * * *
You hit the wyvern.
The wyvern is severely wounded.
The wyvern bites you!
You die...
Xom howls with laughter!

∆ ∆ ## ## ∆
.# #. ∆∆ ###
$#l ### ##.#
#l###†##
#.†###@##†..#
∆
+##.†.<.'##.+
#.†###.##.###
##. #+# #.#
## ## ∆ ∆ ∆ ∆


You could see 2 wyverns.

Vanquished Creatures
  4 scorpions (D)
  3 worms (D)
7 creatures vanquished.

Vanquished Creatures (others)
  Menkaure (D)
1 creature vanquished.

Grand Total: 8 creatures vanquished

Notes
Turn   | Place    | Note
-------+----------+-------------------------------------------
     0 | D        | Hipnos the Gnoll Chaos Knight began the quest for the Orb.
     0 | D        | Reached XP level 1. HP: 23/23 MP: 1/1
     1 | D        | Noticed a scorpion
     1 | D        | Noticed a scorpion
     3 | D        | XOM: potion effect (curing)
     4 | D        | Killed a scorpion
     5 | D        | Reached skill level 5 in Armour
     5 | D        | Reached XP level 2. HP: 31/31 MP: 1/5
     5 | D        | Reached XP level 3. HP: 36/36 MP: 1/6
     8 | D        | Killed a scorpion
     9 | D        | Reached XP level 4. HP: 43/43 MP: 1/8
    10 | D        | Noticed a scorpion
    10 | D        | Noticed a scorpion
    12 | D        | Killed a scorpion
    13 | D        | Reached XP level 5. HP: 49/49 MP: 1/10
    16 | D        | Reached skill level 5 in Dodging
    16 | D        | Reached XP level 6. HP: 56/56 MP: 1/12
    33 | D        | Killed Menkaure
   147 | D        | Noticed a wyvern
   147 | D        | Noticed a wyvern
   155 | D        | Mangled by a wyvern

Illustrated notes

Levels and vault maps discovered:
D:        the_violet_keep_of_menkaure [sprint2_stairs_cluster_1,
          sprint2_shoproom, sprint2_temple, sprint2_basic_supplies,
          sprint2_obstacle_6, sprint2_obstacle_3, sprint2_obstacle_1,
          sprint2_obstacle_4, sprint2_obstacle_2, sprint2_timed_cluster_1,
          sprint2_smallroom_cluster_1, sprint2_smallroom_final_cluster_1,
          sprint2_transparent_cluster_1, sprint2_second_timed_cluster_1,
          sprint2_sniper_area_1, sprint2_heavy_combat_area_1,
          sprint2_mutation_trap_area_1, sprint2_forest_area_1,
          sprint2_light_combat_area_1, sprint2_behind_water_1,
          sprint2_near_end_vault_1]

Skill      XL: |  1  2  3  4  5 |
---------------+----------------+-----
Fighting       | 7 |  7.9
Short Blades   | 2 3 4 |  4.3
Long Blades    | 7 |  7.9
Axes           | 2 3 4 |  4.3
Maces & Flails | 2 3 4 |  4.3
Polearms       | 2 3 4 |  4.3
Staves         | 2 3 4 |  4.3
Ranged Weapons | 2 3 4 |  4.3
Throwing       | 2 3 4 |  4.3
Armour         | 5 6 |  6.3
Dodging        | 3 4 5 |  5.1
Stealth        | 2 3 4 |  4.3
Shields        | 2 3 4 |  4.3
Unarmed Combat | 2 3 4 |  4.3
Spellcasting   | 2 3 4 |  4.3
Conjurations   | 2 3 |  3.5
Hexes          | 2 3 |  3.5
Summonings     | 2 3 |  3.5
Necromancy     | 2 3 |  3.5
Translocations | 2 3 |  3.5
Transmutations | 2 3 |  3.5
Fire Magic     | 2 3 |  3.5
Ice Magic      | 2 3 |  3.5
Air Magic      | 2 3 |  3.5
Earth Magic    | 2 3 |  3.5
Poison Magic   | 2 3 |  3.5
Invocations    | 2 3 4 |  4.7
Evocations     | 2 3 4 |  4.3

Action                   |  1- 3 |  4- 6 || total
-------------------------+-------+-------++-------
Melee: Falchion          |     6 |    24 ||    30
       Bite              |       |     5 ||     5
       Punch             |       |     2 ||     2
  Use: Potion            |     1 |     1 ||     2
Armor: Leather armour    |     1 |     4 ||     5
Dodge: Dodged            |     1 |    13 ||    14

Table legend: (Time is in decaauts)
 A = Elapsed time spent in this place.
 B = Non-inter-level travel time spent in this place.
 C = Inter-level travel time spent in this place.
 D = Time resting spent in this place.
 E = Time spent auto-exploring this place.
 F = Levels seen in this place.
 G = Mean time per level.
                   A        B        C        D        E       F      G
               +--------+--------+--------+--------+--------+-----+--------+
         Total |    161 |    161 |      0 |    108 |      0 |   1 |  161.0 |
       Dungeon |    161 |    161 |      0 |    108 |      0 |   1 |  161.0 |
               +--------+--------+--------+--------+--------+-----+--------+

Top non-repeatable levels by time:
       D: 161 daAuts
